 Dungeon Sprint DCSS version 0.31-a0-750-gfe7b580527 (webtiles) character file.

Game seed: 15344952691874902396

1143 rocky1 the Destroyer (level 8, -17/48 HPs)
             Began as a Deep Elf Conjurer on Sept 15, 2023.
             Was an Elder of Vehumet.
             Killed from afar by a deep elf zephyrmancer (32 damage)
             ... with a bolt of lightning
             ... in the Dungeon (Sprint V: "Ziggurat Sprint").
             The game lasted 00:06:57 (759 turns).

rocky1 the Destroyer (Deep Elf Conjurer)             Turns: 759, Time: 00:06:57

Health: -17/48     AC:  8    Str:  6    XL:     8   Next: 15%
Magic:  27/27      EV: 14    Int: 38    God:    Vehumet [****..]
Gold:   0          SH:  0    Dex: 19    Spells: 8/22 levels left

rFire   . . .        A - +6 Majin-Bo {spellvamp, MP+6 Int+6}
rCold   . . .        (no shield)
rNeg    . . .        C - +3 leather armour {rPois}
rPois   +            (no helmet)
rElec   .            D - +1 cloak of Minor Irritation {rCorr Str+2}
rCorr   +            (no gloves)
SInv    .            (no boots)
Will    .....        (no amulet)
Stlth   +            w - +6 ring of intelligence
HPRegen 0.28/turn    u - +6 ring of dexterity
MPRegen 0.20/turn

%: no teleportation
@: confused, studying 2 skills
A: no striking features
a: Renounce Religion


You were in the Dungeon.
You worshipped Vehumet.
Vehumet was greatly pleased with you.
You visited 1 branch

Inventory:

Hand Weapons
 A - the +6 Majin-Bo (weapon) {spellvamp, MP+6 Int+6}
   (You found it in the Dungeon)

   Int+6:     It affects your intelligence (+6).
   MP+6:      It affects your magic capacity (+6).
Armour
 C - a +3 leather armour of poison resistance (worn)
 D - the +1 cloak of Minor Irritation (worn) {rCorr Str+2}
   (You found it in the Dungeon)

   Str+2:     It affects your strength (+2).
   rCorr:     It protects you from acid and corrosion.
Magical Staves
 B - a staff of conjuration
 F - a staff of cold
Jewellery
 u - a +6 ring of dexterity (right hand)
 w - a +6 ring of intelligence (left hand)
Talismans
 k - a beast talisman
 t - a blade talisman
 v - a maw talisman
 x - a serpent talisman
 y - a dragon-blood talisman
Wands
 q - a wand of mindburst (4)
 r - a wand of iceblast (3) (quivered)
 s - a wand of acid (7)
Scrolls
 g - 2 scrolls of blinking
 m - 4 scrolls of amnesia
 n - 7 scrolls of fog
 o - 5 scrolls of identify
 p - 2 scrolls of fear
 E - a scroll of brand weapon
Potions
 b - 8 potions of magic
 c - 10 potions of curing
 d - 10 potions of heal wounds
 e - 6 potions of haste
 f - 3 potions of berserk rage
 h - 2 potions of brilliance
 i - 2 potions of invisibility
 j - 4 potions of resistance
 l - 5 potions of might
Miscellaneous
 z - a condenser vane


   Skills:
 * Level 4.9 Fighting
 * Level 3.4 Armour
 + Level 5.2 Dodging
 + Level 5.9 Stealth
 * Level 3.5 Unarmed Combat
 + Level 7.7 Spellcasting
 + Level 14.0 Conjurations
 + Level 5.3 Evocations
 * Level 4.5 Shapeshifting


You had 8 spell levels left.
You knew the following spells:

 Your Spells              Type           Power      Damage    Failure   Level
a - Magic Dart            Conj           100%       1d8       0%          1
b - Searing Ray           Conj           100%       2d8       0%          2
c - Dazzling Flash        Conj/Hex       100%       N/A       1%          3
d - Fulminant Prism       Conj/Hex       31%        3d15      1%          4
e - Iskenderun's Mystic   Conj/Tloc      62%        2d13      1%          4

Your spell library contained the following spells:

 Spells                   Type           Power      Damage    Failure   Level
 Shock                    Conj/Air       100%       1d9       1%          1
 Inner Flame              Hex/Fire       14%        N/A       3%          3
 Yara's Violent Unravell  Hex/Tmut       7%         3d5       26%         5
 Enfeeble                 Hex            7%         N/A       100%        7


Dungeon Overview and Level Annotations

Branches:
Dungeon (1/1)

Altars:
Ashenzari
Cheibriados
Dithmenos
Elyvilon
Fedhas
Gozag
Hepliaklqana
Kikubaaqudgha
Makhleb
Nemelex Xobeh
Okawaru
Qazlal
Ru
Sif Muna
Trog
Uskayaw
Vehumet
Wu Jian
Xom
Yredelemnul
Zin
The Shining One
Jiyva
Lugonu

Annotations:
D 1 transporter


Message History

Press: ? - help, Q - select action, (/) - cycle Shift-Dir - straight line, p - deep elf zephyrmancer
Okay, then.
Aiming: Iceblast
Press: ? - help, Q - select action, (/) - cycle Shift-Dir - straight line, f - air elemental
Aim: an air elemental The mass of ice explodes!
The iceblast engulfs the air elemental!!
The air elemental is almost destroyed.
The iceblast engulfs the +5 long sword of freezing!
The +5 long sword of freezing partially resists.
The +5 long sword of freezing is moderately damaged.
The iceblast engulfs the +2 long sword of venom.
The +2 long sword of venom partially resists.
The +2 long sword of venom is lightly damaged.
The iceblast engulfs the deep elf zephyrmancer!
The deep elf zephyrmancer is heavily wounded.
The air elemental fires a burst of electricity at you.
The stunning burst misses the +5 long sword of freezing.
The stunning burst hits you!
You suddenly lose the ability to move!
The air elemental fires a burst of electricity at you.
The stunning burst hits the +5 long sword of freezing.
The +5 long sword of freezing completely resists.
The stunning burst hits you but does no damage.
The +5 long sword of freezing hits you!!
The +5 long sword of freezing freezes you.
The deep elf pyromancer mumbles some strange words.
The deep elf pyromancer blinks!
You can move again.
Unknown command.
Blink to where?
Press: ? - help, Dir - move target, p - air elemental
As you read the scroll of blinking, it crumbles to dust.
The deep elf archer casts a spell at you.
You are confused.
The deep elf zephyrmancer points at you and mumbles some strange words.
The bolt of lightning hits the +5 long sword of freezing.
The +5 long sword of freezing completely resists.
The bolt of lightning hits you!!
Ouch! That really hurt!
You die...

▓..8©8...▓..8©8...▓
▓..).....▓...[....▓
▓...[....▓........▓
▓........▓........▓
▓........▓........▓
▓........▓.▓....▓.▓
▓...©....▓...©....▓
▓▓▓▓▓▓▓▓▓▓▓▓▓▓▓▓▓▓▓
▓@.8©8..▓ ▓..)!§..▓
▓..:[e..▓ ▓.......▓
▓.((E...▓ ▓.......▓
▓.e.....▓ ▓.▓.§e▓.▓
▓...©...▓


You could see a deep elf archer (repels missiles), a deep elf pyromancer, a deep
elf zephyrmancer, an air elemental and 2 dancing weapons.

Vanquished Creatures
  A large abomination (D)
  A tarantella (D)
  Sigmund (D)
  A jumping spider (D)
  Blork the orc (D)
  3 scorpions (D)
  A quasit (D)
  2 crimson imps (D)
  Crazy Yiuf (D)
  Jessica (D)
  2 shadow imps (D)
  A white imp (D)
  An ufetubus (D)
  A bat skeleton (D)
18 creatures vanquished.

Vanquished Creatures (others)
  A fulminant prism (D)
1 creature vanquished.

Grand Total: 19 creatures vanquished

Notes
Turn   | Place    | Note
-------+----------+-------------------------------------------
     0 | D        | rocky1 the Deep Elf Conjurer began the quest for the Orb.
     0 | D        | Reached XP level 1. HP: 10/10 MP: 6/6
     0 | D        | Found a shimmering blue altar of Sif Muna.
     0 | D        | Found a bloodstained altar of Trog.
     0 | D        | Found a sacrificial altar of Ru.
     0 | D        | Found a stormy altar of Qazlal.
     0 | D        | Found an iron altar of Okawaru.
     1 | D        | Found a sparkling altar of Nemelex Xobeh.
     1 | D        | Found a blossoming altar of Fedhas.
     1 | D        | Found the +6 Majin-Bo {spellvamp, MP+6 Int+6}
     1 | D        | Found the +27 heavy crossbow "Sniper" {heavy, Acc+∞ SInv}
     1 | D        | Found the +10 dark maul {heavy}
     1 | D        | Found the +15 Maxwell's patent armour {-Cast -Tele rElec
                  | Will+ rCorr}
     1 | D        | Found the +18 shield of the Gong {Loud rN+ Will+ rCorr
                  | EV-5}
     1 | D        | Found the +16 obsidian axe {drain, demonic, Mesm Drain Fly
                  | SInv}
     1 | D        | Found the +7 great mace "Firestarter" {flame, immolate,
                  | rFlCloud rF++}
     1 | D        | Found the +6 shillelagh "Devastator" {shatter}
     1 | D        | Found the +11 plutonium sword {Contam Stlth-}
     1 | D        | Found the +8 lance "Wyrmbane" {slay drac, rPois rF+ rC+
                  | AC+3}
     1 | D        | Found the +9 sword of Zonguldrok {reap}
     1 | D        | Found the +13 scythe of Curses {drain, curses, Drain}
     1 | D        | Found the +9 sword of Power {lifebolt}
     1 | D        | Found the +7 mace of Variability {chaos, chaos arc}
     1 | D        | Found the +11 Singing Sword {sonic wave}
     1 | D        | Found the +8 storm bow {elec, penet}
     3 | D        | Found a transporter.
     3 | D        | Found an ancient bone altar of Kikubaaqudgha.
     3 | D        | Found a viscous altar of Jiyva.
     3 | D        | Found a corrupted altar of Lugonu.
     3 | D        | Found a hazy altar of Hepliaklqana.
     3 | D        | Found a burning altar of Makhleb.
     3 | D        | Found an opulent altar of Gozag.
    86 | D        | Reached skill level 5 in Spellcasting
    86 | D        | Reached skill level 6 in Conjurations
    86 | D        | Reached XP level 2. HP: 18/18 MP: 6/10
   151 | D        | Learned a level 2 spell: Searing Ray
   181 | D        | Became a worshipper of Vehumet
   194 | D        | Entered arena 2.
   194 | D        | Noticed a crimson imp
   194 | D        | Noticed a large abomination
   194 | D        | Found a transporter.
   195 | D        | Killed a crimson imp
   196 | D        | Reached skill level 7 in Conjurations
   196 | D        | Reached XP level 3. HP: 22/22 MP: 12/12
   199 | D        | Killed a large abomination
   200 | D        | Reached skill level 11 in Conjurations
   200 | D        | Reached XP level 4. HP: 27/27 MP: 14/14
   200 | D        | Reached XP level 5. HP: 32/32 MP: 16/16
   214 | D        | Learned a level 3 spell: Dazzling Flash
   219 | D        | Learned a level 4 spell: Fulminant Prism
   224 | D        | Learned a level 4 spell: Iskenderun's Mystic Blast
   224 | D        | Entered arena 3.
   224 | D        | Found a transporter.
   225 | D        | Reached * piety under Vehumet
   225 | D        | Offered knowledge of Shock by Vehumet.
   227 | D        | Reached skill level 1 in Shapeshifting
   227 | D        | Reached XP level 6. HP: 37/37 MP: 18/18
   239 | D        | Entered arena 4.
   239 | D        | Noticed Sigmund
   239 | D        | Noticed Jessica
   239 | D        | Noticed Blork the orc
   239 | D        | Noticed Crazy Yiuf
   239 | D        | Found a transporter.
   240 | D        | Killed Jessica
   240 | D        | Reached ** piety under Vehumet
   241 | D        | Reached skill level 5 in Stealth
   241 | D        | Reached skill level 12 in Conjurations
   241 | D        | Killed Crazy Yiuf
   242 | D        | Reached skill level 1 in Unarmed Combat
   242 | D        | Killed Sigmund
   243 | D        | Killed Blork the orc
   244 | D        | Reached skill level 13 in Conjurations
   244 | D        | Reached XP level 7. HP: 43/43 MP: 19/19
   270 | D        | Entered arena 5.
   270 | D        | Found a transporter.
   272 | D        | Reached *** piety under Vehumet
   343 | D        | Entered arena 6.
   343 | D        | Noticed a jumping spider
   343 | D        | Noticed a tarantella
   343 | D        | Found a transporter.
   345 | D        | Killed a tarantella
   345 | D        | Reached **** piety under Vehumet
   346 | D        | Reached skill level 5 in Dodging
   346 | D        | Killed a jumping spider
   347 | D        | Reached skill level 5 in Evocations
   347 | D        | Reached XP level 8. HP: 48/48 MP: 21/21
   349 | D        | Reached skill level 14 in Conjurations
   635 | D        | Got the +1 cloak of Minor Irritation {rCorr Str+2}
   755 | D        | Entered arena 7.
   755 | D        | Noticed an air elemental
   755 | D        | Noticed a deep elf zephyrmancer
   755 | D        | Noticed a deep elf archer
   755 | D        | Noticed a +2 long sword of venom
   755 | D        | Noticed a +5 long sword of freezing
   755 | D        | Noticed a deep elf pyromancer
   756 | D        | Found a transporter.
   758 | D        | Paralysed by an air elemental for 1 turns
   759 | D        | Killed from afar by a deep elf zephyrmancer

Illustrated notes

Levels and vault maps discovered:
D:        sprint_v [room_start, room_1, room_2, room_3, room_4, room_5, room_6,
          room_7, room_8, room_9, room_10, room_11, room_12, room_13, room_14,
          room_15, room_16, room_17, room_18, room_19, room_20, room_21,
          room_22, room_23, room_24, room_25, room_26, room_27]

Skill      XL: |  1  2  3  4  5  6  7  8 |
---------------+-------------------------+-----
Fighting       | 2 3 4 |  4.9
Spellcasting   | 5 6 7 |  7.7
Conjurations   | 6 7 11 13 14 | 14.0
Evocations     | 3 4 5 |  5.3
Dodging        | 4 5 |  5.2
Stealth        | 4 5 |  5.9
Shapeshifting  | 1 3 4 |  4.5
Unarmed Combat | 2 3 |  3.5
Armour         | 3 |  3.4

Action                     |  1- 3 |  4- 6 |  7- 9 || total
---------------------------+-------+-------+-------++-------
   Cast: Magic Dart        |       |       |    13 ||    13
         Searing Ray       |       |       |     2 ||     2
         Fulminant Prism   |       |       |     1 ||     1
         Dazzling Flash    |       |       |     1 ||     1
  Evoke: Wand              |     4 |     6 |     4 ||    14
         Condenser vane    |       |       |     1 ||     1
    Use: Potion            |     1 |       |       ||     1
         Scroll            |     1 |       |     1 ||     2
 Armour: Robe              |       |       |     3 ||     3
         Leather armour    |       |       |     9 ||     9
  Dodge: Dodged            |       |       |    16 ||    16

Table legend: (Time is in decaauts)
 A = Elapsed time spent in this place.
 B = Non-inter-level travel time spent in this place.
 C = Inter-level travel time spent in this place.
 D = Time resting spent in this place.
 E = Time spent auto-exploring this place.
 F = Levels seen in this place.
 G = Mean time per level.
                   A        B        C        D        E       F      G
               +--------+--------+--------+--------+--------+-----+--------+
         Total |    757 |    757 |      0 |    513 |      0 |   1 |  757.0 |
       Dungeon |    757 |    757 |      0 |    513 |      0 |   1 |  757.0 |
               +--------+--------+--------+--------+--------+-----+--------+

Top non-repeatable levels by time:
       D: 757 daAuts
